 Dungeon Crawl Stone Soup version 0.32-a0-791-gfc315c9ecd (webtiles) character file.

Game seed: 13927477164794964842

9 Hubris850 the Ruffian (level 2, -1/22 HPs)
             Began as a Djinni Shapeshifter on Mar 20, 2024.
             Slain by a quokka (4 damage)
             ... on level 1 of the Dungeon.
             The game lasted 00:01:34 (306 turns).

Hubris850 the Ruffian (Djinni Shapeshifter)          Turns: 306, Time: 00:01:34

Health: -1/22      AC:  2    Str: 13    XL:     2   Next: 20%
Gold:   13         EV: 11    Int: 11    God:
                   SH:  0    Dex: 12

rFire   + +          .
                       - Unarmed
rCold   x . .        (no shield)
rNeg    . . .        a - +0 animal skin
rPois   ∞            (helmet currently unavailable)
rElec   .            (cloak currently unavailable)
rCorr   .            (gloves currently unavailable)
SInv    .            (boots unavailable)
Will    .....        (no amulet)
Stlth   +            (no ring)
HPRegen 0.23/turn    (no ring)
MPRegen 0.00/turn

%: infuse magic (-2 HP)
@: beast-form, flying
A: beast (slay +1), flying, sickness immunity, fire resistance 2, cold
vulnerability 1, float, innate caster, HP casting, extra vitality 1
a: Begin Untransformation


You were on level 1 of the Dungeon.
You were a hulking beast.
You visited 1 branch of the dungeon, and saw 1 of its levels.

You collected 13 gold pieces.

Inventory:

Armour
 a - a +0 animal skin (worn)
Talismans
 c - a beast talisman (active)
 d - a flux talisman
Scrolls
 e - a scroll of poison {unknown}
Potions
 b - a potion of lignification
 f - a potion of brilliance {unknown}
 g - a potion of mutation {unknown}


   Skills:
 + Level 1.3 Fighting
 + Level 2.4 Dodging
 + Level 3.1 Unarmed Combat
 + Level 2.8 Shapeshifting You didn't know any spells. Your spell library was empty.

Dungeon Overview and Level Annotations

Branches:
Dungeon (1/15)

Altars:

Shops:
D:1 =


Innate Abilities, Weirdness & Mutations

You are a hulking beast.
Your limbs bulge with bestial killing power. (Slay +1)
You are flying.
You are immune to sickness and miasma.
You are immune to poison.
Your flesh is very heat resistant. (rF++)
You are vulnerable to cold. (rC-)
You float through the air rather than walking.
You learn spells naturally, not from books.
Your magical power is your life essence.
You have superior vitality. (+4 MHP)


Message History

The hobgoblin hits you. The quokka completely misses you.
You hit the hobgoblin.
You kill the hobgoblin!
The quokka misses you. The bat hits you.
You hit the bat.
The bat is heavily wounded.
The bat barely misses you. The quokka misses you.
You barely miss the bat.
The bat is heavily wounded.
The bat hits you but does no damage. x2; The quokka closely misses you.
The quokka barely misses you.
You closely miss the bat.
The bat is heavily wounded.
The bat closely misses you. The quokka bites you.
You hit the endoplasm.
The endoplasm is moderately wounded.
The bat misses you. The endoplasm freezes you.
You are frozen.
You feel a terrible chill! The quokka bites you.
You are too injured to fight recklessly!
You are too injured to fight recklessly!
You are too injured to fight recklessly!
You hit the endoplasm.
The endoplasm is severely wounded.
The bat hits you but does no damage. The endoplasm freezes you.
You are frozen.
You feel a terrible chill!
* * * LOW HITPOINT WARNING * * *
The quokka closely misses you.
You hit the endoplasm.
You kill the endoplasm!
The bat closely misses you. The quokka barely misses you.
You closely miss the quokka. The quokka bites you.
* * * LOW HITPOINT WARNING * * *
You closely miss the quokka. The bat misses you. The quokka closely misses you.
You closely miss the quokka. The bat barely misses you.
The quokka twitches its whiskers.
The quokka barely misses you.
You barely miss the quokka. The bat misses you. The quokka bites you.
You die...

#.# #..............
#.# .#.####.##......
#.# .#.# #.########
##.##########...#
#.........
#...........#...
##########
#..########...# #
#.........#...#.####
####
#...........>.......
....
#.........†#hb##.##
####
#.#.....#..#†r.....?
...
#.#.###.#..#..#....#
### #.#.# #.#..#..#
##.# . #.#..
.....#..# # # ##.
###.##..# .. ...#..#
## #..#


You could see a quokka and a bat.

Vanquished Creatures
  2 ball pythons (D:1)
  2 endoplasms (D:1)
  A hobgoblin (D:1)
  2 bats (D:1)
  A frilled lizard (D:1)
  A rat (D:1)
9 creatures vanquished.

Notes
Turn   | Place    | Note
-------+----------+-------------------------------------------
     0 | D:1      | Hubris850 the Djinni Shapeshifter began the quest for the
                  | Orb.
     0 | D:1      | Reached XP level 1. HP: 17/17 MP: 0/0
    99 | D:1      | Found Fadagure's Jewellery Emporium.
   284 | D:1      | Reached XP level 2. HP: 22/22 MP: 0/0
   306 | D:1      | Slain by a quokka

Illustrated notes

Levels and vault maps discovered:
D:1:      dpeg_arrival_simpleton_c, layout_basic, serial_shops,
          nicolae_shop_statue_plus, minivault_24

Action                     || total
---------------------------++-------
  Melee: Unarmed           ||    34
 Armour: Animal skin       ||    17
  Dodge: Dodged            ||    34

Table legend: (Time is in decaauts)
 A = Elapsed time spent in this place.
 B = Non-inter-level travel time spent in this place.
 C = Inter-level travel time spent in this place.
 D = Time resting spent in this place.
 E = Time spent auto-exploring this place.
 F = Levels seen in this place.
 G = Mean time per level.
                   A        B        C        D        E       F      G
               +--------+--------+--------+--------+--------+-----+--------+
         Total |    304 |    304 |      0 |      0 |    239 |   1 |  304.0 |
       Dungeon |    304 |    304 |      0 |      0 |    239 |   1 |  304.0 |
               +--------+--------+--------+--------+--------+-----+--------+

Top non-repeatable levels by time:
     D:1: 304 daAuts
